Map: Acropolis LE

Players

IQfiftySry

  • Race: Zerg Zerg
  • League: Diamond
  • Spawn Location: 5:00

Mez - Winner!

  • Race: Terran Terran
  • League: Master
  • Spawn Location: 11:00

VOD

Have the link to the VOD?

Description

Time

  • Played on: Aug. 1, 2019, 1:29 a.m.
  • Length: 13:44
Show
View Real Time Build Order
Export as new Build Order

IQfiftySry Zerg 

Build Orders: Hatch First 

Get SALT Encoding   

  12  0:01  Drone  
  13  0:12  Overlord  
  13  0:16  Drone  
  14  0:31  Drone x2  
  14  0:34  Drone  
  17  0:51  Hatchery  
  17  0:54  Drone  
  17  0:58  Drone  
  18  1:08  Extractor  
  17  1:13  Spawning Pool  
  17  1:15  Drone  
  17  1:18  Drone  
  18  1:29  Drone  
  19  1:38  Overlord  
  19  1:50  Drone  
  20  2:00  Zergling x2  
  21  2:03  Zergling x2, Queen x2  
  26  2:11  Drone, Metabolic Boost  
  26  2:15  Drone  
  28  2:28  Hatchery  
  27  2:30  Drone  
  27  2:33  Drone  
  27  2:35  Drone  
  29  2:39  Drone  
  30  2:47  Drone x2  
  31  2:53  Overlord  
  31  2:57  Drone  
  32  2:59  Queen  
  32  3:05  Drone  
  35  3:08  Overlord  
  35  3:12  Drone x3  
  38  3:19  Overlord  
  38  3:20  Overlord  
  38  3:29  Drone  
  38  3:30  Drone  
  40  3:43  Queen  
  40  3:44  Queen  
  40  3:46  Queen  
  46  3:52  Zergling x2  
  46  3:53  Zergling x18  
  56  4:12  Drone x2  
  56  4:13  Drone x2  
  56  4:14  Drone x3  
  56  4:15  Drone x2  
  65  4:17  Drone x3  
  65  4:19  Baneling Nest  
  67  4:24  Queen  
  67  4:26  Queen  
  67  4:30  Overlord  
  71  4:33  Drone  
  71  4:34  Drone  
  73  4:43  Extractor  
  73  4:44  Drone  
  73  4:46  Overlord x2, Extractor  
  72  5:01  Spore Crawler x2  
  72  5:02  Spore Crawler  
  72  5:05  Hatchery  
  68  5:07  Extractor  
  68  5:10  Drone x3  
  68  5:11  Drone x2  
  68  5:12  Drone x3, Spore Crawler  
  68  5:13  Drone x3  
  77  5:14  Drone  
  77  5:19  Drone x2  
  77  5:20  Drone  
  81  5:27  Drone x2  
  83  5:30  Lair  
  83  5:31  Evolution Chamber  
  83  5:32  Evolution Chamber  
  81  5:45  Queen  
  81  5:46  Queen  
  85  5:52  Overlord x5  
  85  5:59  Drone x4  
  85  6:02  Zerg Ground Armor Level 1, Zerg Melee Weapons Level 1  
  89  6:10  Hatchery  
  88  6:12  Drone  
  88  6:14  Zergling x4  
  88  6:15  Zergling x6  
  88  6:17  Baneling x5  
  94  6:37  Queen  
  94  6:39  Zergling x30  
  111  6:41  Centrifical Hooks  
  111  6:42  Baneling  
  111  6:43  Baneling x3  
  111  6:44  Baneling x2  
  111  7:00  Overlord x4  
  112  7:01  Zergling x6  
  112  7:02  Zergling x6  
  112  7:03  Baneling x3  
  112  7:07  Spire  
  95  7:26  Zergling x14  
  95  7:27  Zergling x12  
  97  7:31  Baneling x2  
  97  7:32  Zergling x2  
  97  7:38  Zergling x10  
  97  7:39  Zergling x6  
  92  7:44  Zergling x6  
  92  7:45  Zergling x6  
  92  7:46  Baneling x3  
  92  7:47  Baneling x8  
  92  7:49  Zergling x2  
  92  7:50  Zergling x2  
  93  7:54  Zergling x6  
  96  8:05  Zergling x10  
  92  8:12  Drone  
  91  8:13  Drone x4  
  89  8:22  Drone  
  89  8:23  Drone x7  
  83  8:50  Hatchery  
  83  8:55  Zergling x2, Extractor  
  81  8:56  Zergling x32, Extractor  
  91  9:03  Zerg Ground Armor Level 2, Zerg Melee Weapons Level 2  
  91  9:18  Extractor  
  91  9:20  Extractor  
  89  9:37  Zergling x20  
  89  9:38  Zergling x8  
  103  9:41  Baneling  
  103  9:42  Baneling x11  
  103  9:44  Baneling  
  103  9:54  Spore Crawler  
  103  9:56  Drone x3  
  103  9:57  Drone x3  
  103  9:58  Drone x4, Extractor  
  110  10:01  Zergling x4  
  110  10:03  Extractor  
  110  10:06  Baneling  
  111  10:07  Baneling x8  
  111  10:11  Hatchery, Spore Crawler  
  111  10:12  Zergling x14  
  116  10:15  Baneling  
  116  10:16  Baneling x3  
  112  10:27  Zergling x12  
  112  10:28  Zergling x2  
  108  10:38  Drone x5  
  108  10:39  Drone x2  
  104  10:46  Zerg Flyer Armor Level 1  
  100  10:54  Zergling x8  
  100  10:55  Zergling x8  
  103  11:08  Zergling x2  
  103  11:09  Zergling x16  
  112  11:12  Baneling x2  
  112  11:13  Baneling x3  
  112  11:14  Baneling  
  112  11:15  Baneling x3  
  112  11:17  Baneling x2  
  112  11:27  Zergling x2  
  112  11:28  Zergling x6  
  112  11:29  Baneling x5  
  91  12:00  Infestation Pit  
  90  12:03  Drone x4  
  90  12:04  Drone x2  
  96  12:09  Drone x5  
  96  12:10  Drone  
  96  12:11  Baneling x11  
  96  12:12  Baneling x9  
  96  12:14  Zergling x2  
  96  12:15  Zergling x12  
  109  12:25  Zergling x2  
  109  12:26  Zergling x14  
  117  12:38  Zergling x2  
  117  12:39  Zergling x18  
  125  12:44  Zergling x8  
  106  13:03  Zergling x2  
  106  13:04  Zergling x30  
  108  13:09  Zergling x2  
  108  13:10  Zergling x6  
  108  13:12  Zergling x4  
  94  13:28  Drone x4  
  94  13:29  Drone  
  94  13:30  Drone x2  
Show
View Real Time Build Order
Export as new Build Order

Mez Terran - Winner!

Build Orders: Reaper Expand 

Get SALT Encoding   

  12  0:00  SCV  
  13  0:13  SCV  
  14  0:17  Supply Depot  
  14  0:25  SCV  
  15  0:38  SCV  
  15  0:41  Barracks  
  16  0:46  Refinery  
  16  0:50  SCV  
  17  1:03  SCV  
  18  1:15  SCV  
  19  1:28  Orbital Command  
  19  1:29  Reaper  
  20  1:39  Command Center  
  20  1:52  Barracks  
  20  1:55  SCV  
  21  2:01  Barracks Reactor  
  21  2:07  Barracks  
  21  2:15  SCV  
  22  2:16  Supply Depot  
  22  2:27  SCV  
  23  2:49  Marine  
  23  2:50  Marine  
  26  2:51  Barracks Tech Lab  
  26  2:52  SCV, Orbital Command  
  26  2:54  Marine  
  27  3:04  SCV  
  28  3:07  Marine x2  
  28  3:12  Marine  
  31  3:15  Marine  
  31  3:17  Combat Shield, Supply Depot  
  31  3:18  SCV x2  
  34  3:30  SCV  
  34  3:31  SCV, Marine x3  
  34  3:33  Marine  
  40  3:42  Engineering Bay, SCV  
  40  3:46  SCV  
  42  3:48  Marine  
  42  3:49  Marine x2  
  42  3:54  SCV  
  45  3:58  Marine  
  45  3:59  SCV  
  45  4:00  Supply Depot  
  47  4:06  SCV, Marine  
  49  4:11  SCV  
  49  4:15  Marine x2  
  49  4:16  Marine  
  53  4:18  SCV  
  53  4:19  Terran Infantry Weapons Level 1  
  53  4:23  SCV, Supply Depot  
  55  4:28  Command Center  
  55  4:30  SCV  
  56  4:35  SCV  
  57  4:39  Marine  
  57  4:40  Marine x3  
  57  4:42  SCV  
  57  4:44  Stimpack  
  61  4:46  Factory  
  61  4:47  SCV  
  62  4:53  Refinery  
  62  4:54  SCV  
  62  4:57  Refinery, Marine x2  
  62  4:59  SCV  
  66  5:07  SCV  
  67  5:09  Barracks Reactor, Supply Depot  
  67  5:12  SCV  
  67  5:13  Supply Depot  
  68  5:18  Marine  
  68  5:19  SCV  
  70  5:30  Marine x2  
  70  5:33  Barracks, Starport, Factory Reactor  
  70  5:34  SCV x2, Barracks  
  74  5:36  Marine  
  74  5:37  Supply Depot  
  75  5:48  Marine x2  
  77  5:50  Marine x2  
  77  5:52  SCV  
  77  5:53  SCV  
  77  5:54  Marine  
  77  5:55  Supply Depot  
  82  6:05  SCV x2, Orbital Command  
  82  6:06  Marine  
  85  6:14  Terran Infantry Armor Level 1  
  85  6:17  SCV x2, Marine x4  
  91  6:20  Medivac x2  
  91  6:22  Barracks Reactor x2  
  91  6:23  Marine  
  96  6:29  SCV x2  
  98  6:32  Supply Depot  
  98  6:36  Marine x4  
  98  6:37  SCV, Supply Depot  
  103  6:41  SCV  
  103  6:45  Engineering Bay, Armory  
  103  6:46  Factory Reactor  
  104  6:48  Marine  
  104  6:49  SCV x2  
  104  6:54  Marine x3  
  107  6:59  Marine x3  
  107  7:00  Refinery  
  113  7:03  Command Center, Supply Depot  
  113  7:05  Medivac  
  113  7:06  Medivac  
  113  7:07  Supply Depot  
  104  7:26  Marine  
  104  7:27  Marine x8  
  110  7:32  SCV x3  
  110  7:35  Medivac  
  110  7:36  Medivac  
  117  7:44  Marine  
  117  7:49  Marine  
  117  7:50  Marine x4  
  102  8:08  Marine x3  
  102  8:09  Marine x6  
  102  8:11  Medivac  
  102  8:12  Medivac  
  110  8:14  Barracks x2  
  110  8:15  Barracks  
  93  8:26  Marine x7  
  100  8:30  Marine x2  
  89  8:41  Medivac  
  89  8:42  Medivac  
  89  8:44  Marine x6  
  89  8:46  Marine  
  89  8:48  Marine x2  
  89  9:02  Marine x6  
  94  9:06  Barracks Reactor, Barracks Tech Lab x2  
  94  9:08  Widow Mine x2, Marine  
  99  9:15  SCV  
  99  9:16  SCV x2  
  102  9:17  Planetary Fortress  
  101  9:24  Terran Infantry Weapons Level 2  
  101  9:27  Marine x7  
  101  9:28  Marine x4  
  101  9:31  Refinery  
  112  9:40  Terran Infantry Armor Level 2  
  112  9:42  SCV  
  112  9:43  SCV x2  
  112  9:45  Marine x2  
  116  9:52  Marine x8, Marauder x2  
  122  9:53  Marine  
  122  9:55  SCV  
  131  10:02  SCV x2  
  131  10:03  Marine  
  131  10:05  Marine  
  135  10:11  Marauder  
  135  10:14  Marauder  
  137  10:22  Marine x9  
  137  10:23  Marine  
  137  10:24  Widow Mine x2, Medivac  
  137  10:25  Medivac  
  137  10:26  Missile Turret  
  137  10:27  Missile Turret  
  155  10:29  Missile Turret  
  155  10:31  Missile Turret  
  155  10:32  SCV x4, Marauder  
  134  10:54  Marine x2  
  134  10:55  Marine x6, Marauder x2  
  134  10:56  Widow Mine, Marauder  
  134  10:57  Widow Mine  
  149  11:05  Factory  
  145  11:17  Marauder  
  145  11:18  Widow Mine  
  149  11:22  Marine x3, Marauder x2  
  156  11:31  Supply Depot  
  156  11:32  Orbital Command, Supply Depot  
  156  11:33  Supply Depot  
  156  11:35  Widow Mine, Marine x6  
  164  11:44  Widow Mine  
  124  11:56  Marine  
  124  11:57  Marine x5, Marauder x3  
  124  11:58  Widow Mine x2  
  139  12:09  SCV x4  
  139  12:12  Refinery  
  143  12:16  Refinery  
  143  12:18  Supply Depot  
  143  12:19  Supply Depot  
  143  12:20  Supply Depot  
  143  12:22  Supply Depot x2  
  143  12:25  Marine  
  143  12:26  Marine  
  143  12:27  Widow Mine x2, Factory Tech Lab  
  148  12:40  Marine, Marauder  
  151  12:47  Marine x3, Marauder x2  
  119  13:15  Marine  
  119  13:16  Marine x7  
  125  13:23  Marine  
  123  13:38  Command Center  
Tags
 
Add a new tag
Caveats
  • Supply blocks, unpowered buildings, or Contaminate may cause inaccurate times.
  • Supply counts are checked every 10 seconds.